cohdb
Replays
Latest Replays
All Replays
Popular Replays
Top Player Replays
Match Explorer
How It Works
Community
CoH3 Stats
Reddit
Sign in to upload your games and track your stats! →
Sign in with Steam
2v2 Match 5
Match 31270447
Overview
Messages
Build Orders
End
Panzerpioneer Squad
Panzerpioneer Squad
250 Light Carrier
Construct Light Support Kompanie
Assault Grenadier Squad
Combat Half-tracks
Fire Support Elements
Selects Italian Infantry
Vehicle Survival Package
Pak 38 Anti-tank Gun Team
Selects Defensive Operations
Flakvierling Half-track
Selects Guastatori Squad
Assault Grenadier Squad
Assault Grenadier Squad
2.5-tonne Medical Truck
Selects Guastatori Squad
Pak 38 Anti-tank Gun Team
Selects Registered Artillery
Flakvierling Half-track
Fang
littleconlife512
Hans von Glocken
891064kan
0
0
Comments
sign in to comment!
No comments posted yet!